Carnivores vs Manchots

Created - 11 février 2013 at 18:58

Goals
1 2 3 T
Carnivores 1 1 0 2
Manchots 3 1 1 5
Shots
1 2 3 T
Carnivores 7 5 22 34
Manchots 14 15 8 37

1st period

1. Manchots , Petr Sykora 25 (Richard Petiot, Denis Arkhipov) at 0:42 (SH)
2. Manchots , Martin Hanzal 37 (Petr Sykora) at 7:11
3. Carnivores , Richard Park 11 (Blake Geoffrion) at 8:42
4. Manchots , Martin Hanzal 38 (Petr Sykora, Stanislav Neckar) at 12:11

Penalties :
Martin Hanzal (Out) for Interference (Minor) at 0:07, Eric Tangradi (Out) for Interference (Minor) at 4:37, Martin Hanzal (Out) for Slashing (Minor) at 17:05

2nd period

5. Manchots , Petr Sykora 26 (Martin Hanzal) at 1:18 (PP)
6. Carnivores , Richard Park 12 (Jeff Tambellini, Ryan Mcdonagh) at 13:27 (PP)

Penalties :
Mikael Backlund (Bre) for Roughing (Minor) at 1:16, Keith Aulie (Bre) for Roughing (Minor) at 2:54, Josh Tordjman (Bre) for Slashing (Minor) at 9:59 - Evgeny Dadonov served the penalty, Tyler Kennedy (Out) for Interference (Minor) at 13:15, Martin Hanzal (Out) for Cross-checking (Minor) at 14:47, Evgeny Dadonov (Bre) for Hooking (Minor) at 14:47

3rd period

7. Manchots , Jamie Benn 4 (Hal Gill, Martin Hanzal) at 8:05 (PP)

Penalties :
Richard Petiot (Out) for Slashing (Minor) at 4:01, Keith Aulie (Bre) for Holding (Minor) at 4:22, Alexei Zhitnik (Bre) for High sticking (Minor) at 7:05, Jeff Tambellini (Bre) for Holding (Minor) at 8:28

Goalie Stats

Steve Mason (Bre), 12 saves from 16 shots - (0,750), L, 3-3-1, 21:18 minutes
Josh Tordjman (Bre), 20 saves from 21 shots - (0,952), 38:42 minutes
Ondrej Pavelec (Out), 32 saves from 34 shots - (0,941), W, 12-6-3, 60:00 minutes

Players Stats for Carnivores

Player Name              G  A  P  +/- PIM S  H  SB GA TA FO     MP     PP MP  PK MP  
------------------------------------------------------------------------------------
Alexei Zhitnik           0  0  0   1  2   1  2  2  1  1  0/0    21:33   2:26   2:49 
Andy Miele               0  0  0  -1  0   5  0  1  0  0  0/5    21:21   3:29   3:29 
Blake Geoffrion          0  1  1   0  0   1  0  2  0  2  1/1     9:43   3:01   0:04 
Cal O'Reilly             0  0  0   0  0   1  0  0  1  1  3/4    11:14   0:00   0:31 
David Van Der Gulik      0  0  0   0  0   2  3  0  0  0  0/0    10:22   0:00   0:00 
Evgeny Dadonov           0  0  0  -2  2   3  1  1  2  2  2/2    17:30   3:01   0:21 
Jeff Friesen             0  0  0  -1  0   2  1  0  0  0  0/1    13:54   0:00   1:04 
Jeff Tambellini          0  1  1  -1  2   4  1  0  0  0  1/3    21:11   3:29   2:43 
Jordie Benn              0  0  0   1  0   0  0  1  0  0  0/0    12:27   0:00   0:00 
Josef Melichar           0  0  0  -1  0   0  1  0  0  0  0/0    21:21   2:26   4:04 
Keith Aulie              0  0  0  -2  4   0  0  3  0  1  0/0    25:27   4:03   2:32 
Kyle Wilson              0  0  0   0  0   0  0  0  0  0  0/0     0:00   0:00   0:00 
Manny Malhotra           0  0  0   1  0   1  1  0  0  0  6/10    9:42   0:00   3:21 
Mikael Backlund          0  0  0  -2  2   1  1  1  0  1  5/14   17:12   3:01   0:00 
Phil Oreskovic           0  0  0  -1  0   1  0  1  0  0  0/0    12:05   0:00   1:38 
Richard Park             2  0  2   0  0   9  3  2  0  1  13/29  26:11   3:29   3:07 
Ryan Mcdonagh            0  1  1  -2  0   3  1  0  0  0  0/0    27:32   4:04   3:37 
Tim Conboy               0  0  0   0  0   0  1  0  0  0  1/2    10:12   0:00   0:00 

Players Stats for Manchots

Player Name              G  A  P  +/- PIM S  H  SB GA TA FO     MP     PP MP  PK MP  
------------------------------------------------------------------------------------
Cal Clutterbuck          0  0  0  -1  0   1  2  0  2  1  0/1    14:36   2:33   0:00 
Denis Arkhipov           0  1  1   1  0   3  3  0  0  0  7/10   13:04   0:40   3:54 
Eric Gryba               0  0  0   0  0   0  0  3  0  0  0/0    13:41   0:21   0:21 
Eric Tangradi            0  0  0   0  2   0  1  1  0  0  0/0    10:01   0:00   0:00 
Fredrik Sjostrom         0  0  0  -1  0   2  2  1  0  0  3/4    19:11   2:43   2:23 
Hal Gill                 0  1  1   0  0   3  1  2  1  0  0/0    31:59   4:36   3:31 
Ilkka Heikkinen          0  0  0   0  0   2  0  0  0  0  0/0    20:50   2:44   2:59 
Jamie Benn               1  0  1   2  0   1  4  1  0  0  0/0    20:33   4:23   0:13 
Jerome Samson            0  0  0   0  0   0  0  0  0  0  0/0     6:26   0:19   0:00 
Jordan LaVallee          0  0  0   0  0   2  1  0  0  0  0/1     6:05   0:14   0:00 
Logan Couture            0  0  0  -1  0   4  3  0  2  0  5/10   15:18   2:33   0:13 
Martin Hanzal            2  2  4   2  6   3  0  0  1  0  24/39  20:14   4:07   0:00 
Pernell Karl Subban      0  0  0   1  0   0  0  1  0  0  0/0     3:37   0:00   0:00 
Petr Sykora              2  2  4   3  0   8  4  2  1  1  0/1    23:44   4:07   3:54 
Richard Petiot           0  1  1   1  2   0  2  4  1  0  0/0    20:37   2:44   2:38 
Spencer Machacek         0  0  0   0  0   1  2  0  0  0  0/0     9:39   0:00   0:00 
Stanislav Neckar         0  1  1   2  0   3  0  1  0  2  0/0    27:39   4:36   3:31 
Tyler Kennedy            0  0  0   0  2   4  1  1  1  0  0/5    12:33   0:00   2:23 

3 Stars

1 - Petr Sykora (Out)
2 - Richard Park (Bre)
3 - Martin Hanzal (Out)

Power Play

Carnivores - 1 on 5 Attempt(s) - 20,00%
Manchots - 2 on 6 Attempt(s) - 33,33%

Penalty Kill

Carnivores - 4 on 6 Attempt(s) - 66,67% - Score 0 goal in Penalty Kill
Manchots - 4 on 5 Attempt(s) - 80,00% - Score 1 goal in Penalty Kill

Official

Referees : McCauley Wes and Auger Stephane
Linesman : Jay Sharrers and Tony Sericolo

Game Notes

Pernell Karl Subban is injured at 11:59 of 1st period (Bruised Right Shoulder)
Josh Tordjman enters game at 1:18 of 2nd period

Carnivores

5 vs 5 Forward 
   Center                   Left Wing                Right Wing               Time % Phy DF OF 
 1 Richard Park             Jeff Tambellini          Andy Miele               40     1   1  3  
 2 Mikael Backlund          Jeff Friesen             Evgeny Dadonov           30     1   1  3  
 3 Manny Malhotra           Blake Geoffrion          Richard Park             20     1   2  2  
 4 Cal O'Reilly             Tim Conboy               David Van Der Gulik      10     0   2  3  

5 vs 5 Defense 
   Defense                  Defense                                           Time % Phy DF OF 
 1 Ryan Mcdonagh            Keith Aulie                                       40     1   2  2  
 2 Jordie Benn              Alexei Zhitnik                                    30     1   2  2  
 3 Josef Melichar           Phil Oreskovic                                    20     1   2  2  
 4 Alexei Zhitnik           Ryan Mcdonagh                                     10     1   2  2  

PowerPlay Forward 
   Center                   Left Wing                Right Wing               Time % Phy DF OF 
 1 Richard Park             Jeff Tambellini          Andy Miele               60     0   1  4  
 2 Mikael Backlund          Blake Geoffrion          Evgeny Dadonov           40     0   1  4  

PowerPlay Defense
   Defense                  Defense                                           Time % Phy DF OF 
 1 Ryan Mcdonagh            Keith Aulie                                       60     0   2  3  
 2 Josef Melichar           Alexei Zhitnik                                    40     0   2  3  

Penalty Kill 4 Players Forward 
   Center                   Wing                     Time % Phy DF OF 
 1 Andy Miele               Richard Park             50     1   3  1  
 2 Manny Malhotra           Jeff Tambellini          50     1   3  1  

Penalty Kill 4 Players Defense
   Defense                  Defense                  Time % Phy DF OF 
 1 Ryan Mcdonagh            Alexei Zhitnik           50     1   3  1  
 2 Keith Aulie              Josef Melichar           50     1   3  1  

Penalty Kill - 3 Players Forward 
   Forward                                           Time % Phy DF OF 
 1 Jeff Tambellini                                   50     1   3  1  
 2 Richard Park                                      50     1   3  1  

Penalty Kill - 3 Players Defense
   Defense                  Defense                  Time % Phy DF OF 
 1 Ryan Mcdonagh            Alexei Zhitnik           50     1   3  1  
 2 Keith Aulie              Josef Melichar           50     1   3  1  

4 vs 4 Forward 
   Center                   Wing                     Time % Phy DF OF 
 1 Jeff Tambellini          Evgeny Dadonov           50     1   1  3  
 2 Mikael Backlund          Andy Miele               50     1   1  3  

4 vs 4 Defense
   Defense                  Defense                  Time % Phy DF OF 
 1 Ryan Mcdonagh            Keith Aulie              50     1   2  2  
 2 Alexei Zhitnik           Josef Melichar           50     1   2  2  

Last Minutes Offensive
   Center                   Left Wing                Right Wing               Defense                  Defense                  
   Richard Park             Jeff Tambellini          Andy Miele               Ryan Mcdonagh            Alexei Zhitnik           

Last Minutes Defensive
   Center                   Left Wing                Right Wing               Defense                  Defense                  
   Richard Park             Jeff Tambellini          Andy Miele               Ryan Mcdonagh            Keith Aulie              

Goaltenders
Starting : Steve Mason              
Backup : Josh Tordjman            

Extra Forwards
Normal : Evgeny Dadonov, Richard Park, Jeff Tambellini - PP : Jeff Friesen, Cal O'Reilly - PK : Andy Miele
Extra Defensemen
Normal : Alexei Zhitnik, Ryan Mcdonagh, Josef Melichar - PP : Phil Oreskovic - PK : Phil Oreskovic, Jordie Benn
Penalty Shots
Richard Park, Jeff Tambellini, Andy Miele, Jeff Friesen, Evgeny Dadonov

Manchots

5 vs 5 Forward 
   Center                   Left Wing                Right Wing               Time % Phy DF OF 
 1 Martin Hanzal            Jamie Benn               Petr Sykora              37     0   1  4  
 2 Logan Couture            Fredrik Sjostrom         Cal Clutterbuck          34     0   1  4  
 3 Tyler Kennedy            Eric Tangradi            Spencer Machacek         22     1   1  3  
 4 Denis Arkhipov           Jordan LaVallee          Jerome Samson            7      1   1  3  

5 vs 5 Defense 
   Defense                  Defense                                           Time % Phy DF OF 
 1 Pernell Karl Subban      Stanislav Neckar                                  40     1   2  2  
 2 Ilkka Heikkinen          Hal Gill                                          33     1   2  2  
 3 Eric Gryba               Richard Petiot                                    17     1   2  2  
 4 Hal Gill                 Pernell Karl Subban                               10     1   1  3  

PowerPlay Forward 
   Center                   Left Wing                Right Wing               Time % Phy DF OF 
 1 Martin Hanzal            Jamie Benn               Petr Sykora              60     1   1  3  
 2 Logan Couture            Fredrik Sjostrom         Cal Clutterbuck          40     1   1  3  

PowerPlay Defense
   Defense                  Defense                                           Time % Phy DF OF 
 1 Stanislav Neckar         Pernell Karl Subban                               60     1   1  3  
 2 Hal Gill                 Ilkka Heikkinen                                   40     1   1  3  

Penalty Kill 4 Players Forward 
   Center                   Wing                     Time % Phy DF OF 
 1 Denis Arkhipov           Petr Sykora              60     1   2  2  
 2 Tyler Kennedy            Fredrik Sjostrom         40     1   2  2  

Penalty Kill 4 Players Defense
   Defense                  Defense                  Time % Phy DF OF 
 1 Hal Gill                 Stanislav Neckar         60     1   2  2  
 2 Ilkka Heikkinen          Richard Petiot           40     1   2  2  

Penalty Kill - 3 Players Forward 
   Forward                                           Time % Phy DF OF 
 1 Denis Arkhipov                                    60     1   2  2  
 2 Tyler Kennedy                                     40     1   2  2  

Penalty Kill - 3 Players Defense
   Defense                  Defense                  Time % Phy DF OF 
 1 Stanislav Neckar         Hal Gill                 60     1   2  2  
 2 Richard Petiot           Ilkka Heikkinen          40     1   2  2  

4 vs 4 Forward 
   Center                   Wing                     Time % Phy DF OF 
 1 Martin Hanzal            Petr Sykora              60     1   1  3  
 2 Denis Arkhipov           Fredrik Sjostrom         40     1   1  3  

4 vs 4 Defense
   Defense                  Defense                  Time % Phy DF OF 
 1 Pernell Karl Subban      Stanislav Neckar         60     1   1  3  
 2 Hal Gill                 Richard Petiot           40     1   1  3  

Last Minutes Offensive
   Center                   Left Wing                Right Wing               Defense                  Defense                  
   Martin Hanzal            Fredrik Sjostrom         Petr Sykora              Stanislav Neckar         Pernell Karl Subban      

Last Minutes Defensive
   Center                   Left Wing                Right Wing               Defense                  Defense                  
   Denis Arkhipov           Fredrik Sjostrom         Petr Sykora              Stanislav Neckar         Hal Gill                 

Goaltenders
Starting : Ondrej Pavelec           
Backup : Sebastien Caron          

Extra Forwards
Normal : Fredrik Sjostrom, Martin Hanzal, Petr Sykora - PP : Petr Sykora, Fredrik Sjostrom - PK : Denis Arkhipov
Extra Defensemen
Normal : Hal Gill, Pernell Karl Subban, Stanislav Neckar - PP : Pernell Karl Subban - PK : Stanislav Neckar, Hal Gill
Penalty Shots
Martin Hanzal, Fredrik Sjostrom, Petr Sykora, Logan Couture, Denis Arkhipov

% Time on Ice - Carnivores

Lines # - Real PCT - Wanted PCT - Time Play
Normal Forward
1 - 32% - 40% - 13:26
2 - 30% - 30% - 12:36
3 - 15% - 20% - 6:19
4 - 24% - 10% - 10:12
Normal Defense
1 - 40% - 40% - 17:08
2 - 34% - 30% - 14:30
3 - 25% - 20% - 10:27
4 - 1% - 10% - 0:28
PP Forward
1 - 54% - 60% - 3:29
2 - 46% - 40% - 3:01
PP Defense
1 - 63% - 60% - 4:04
2 - 37% - 40% - 2:26
PK Forward
1 - 47% - 50% - 3:28
2 - 53% - 50% - 3:52
PK Defense
1 - 49% - 50% - 3:37
2 - 51% - 50% - 3:43
PK3 Forward
1 - 0% - 50%
2 - 0% - 50%
PK3 Defense
1 - 0% - 50%
2 - 0% - 50%
44 Forward
1 - 55% - 50% - 1:59
2 - 45% - 50% - 1:38
44 Defense
1 - 62% - 50% - 2:15
2 - 38% - 50% - 1:22
Last Minute Offensive  - 0:00
Last Minute Defensive  - 0:00
Total
Forward - 60:00
Defense - 60:00

% Time on Ice - Manchots

Lines # - Real PCT - Wanted PCT - Time Play
Normal Forward
1 - 34% - 37% - 14:30
2 - 30% - 34% - 12:47
3 - 23% - 22% - 9:39
4 - 13% - 7% - 5:37
Normal Defense
1 - 45% - 40% - 19:02
2 - 25% - 33% - 10:51
3 - 25% - 17% - 10:33
4 - 5% - 10% - 2:07
PP Forward
1 - 65% - 60% - 4:47
2 - 35% - 40% - 2:33
PP Defense
1 - 100% - 60% - 7:20
2 - 0% - 40% - 0:00
PK Forward
1 - 63% - 60% - 4:07
2 - 37% - 40% - 2:23
PK Defense
1 - 54% - 60% - 3:31
2 - 46% - 40% - 2:59
PK3 Forward
1 - 0% - 60%
2 - 0% - 40%
PK3 Defense
1 - 0% - 60%
2 - 0% - 40%
44 Forward
1 - 92% - 60% - 3:19
2 - 8% - 40% - 0:18
44 Defense
1 - 100% - 60% - 3:37
2 - 0% - 40% - 0:00
Last Minute Offensive  - 0:00
Last Minute Defensive  - 0:00
Total
Forward - 60:00
Defense - 60:00

Play by Play

1st period


0:01 of 1st period - Richard Park wins face-off versus Martin Hanzal in neutral zone.
0:07 of 1st period - Minor Penalty to Martin Hanzal for Interference.
0:08 of 1st period - Richard Park wins face-off versus Denis Arkhipov in Manchots zone.
0:33 of 1st period - Ryan Mcdonagh is hit by Petr Sykora and loses puck.
0:40 of 1st period - Slapshot by Denis Arkhipov.
0:40 of 1st period - Stopped by Steve Mason with a rebound.
0:42 of 1st period - Slapshot by Richard Petiot.
0:42 of 1st period - Deflect By Petr Sykora.
0:42 of 1st period - Goal by Petr Sykora - Carnivores : 0 - Manchots : 1.
0:43 of 1st period - Denis Arkhipov wins face-off versus Richard Park in neutral zone.
2:07 of 1st period - Penalty to Martin Hanzal is over, Martin Hanzal is back on ice.
2:10 of 1st period - Richard Petiot is hit by David Van Der Gulik and loses puck.
2:33 of 1st period - Alexei Zhitnik is hit by Denis Arkhipov and loses puck.
3:00 of 1st period - Cal Clutterbuck is hit by Richard Park and loses puck.
4:18 of 1st period - Icing by Ryan Mcdonagh.
4:19 of 1st period - Logan Couture wins face-off versus Manny Malhotra in Carnivores zone.
4:37 of 1st period - Minor Penalty to Eric Tangradi for Interference.
4:38 of 1st period - Mikael Backlund wins face-off versus Denis Arkhipov in Manchots zone.
4:51 of 1st period - Wrist shot by Evgeny Dadonov.
4:51 of 1st period - Deflect By Blake Geoffrion.
4:51 of 1st period - Deflect By Denis Arkhipov.
4:51 of 1st period - Stopped by Ondrej Pavelec without a rebound.
4:52 of 1st period - Denis Arkhipov wins face-off versus Richard Park in Manchots zone.
6:37 of 1st period - Penalty to Eric Tangradi is over, Eric Tangradi is back on ice.
7:07 of 1st period - Slapshot by Petr Sykora.
7:07 of 1st period - Stopped by Steve Mason without a rebound.
7:08 of 1st period - Martin Hanzal wins face-off versus Mikael Backlund in Carnivores zone.
7:11 of 1st period - Wrist shot by Martin Hanzal.
7:11 of 1st period - Goal by Martin Hanzal - Carnivores : 0 - Manchots : 2.
7:12 of 1st period - Martin Hanzal wins face-off versus Andy Miele in neutral zone.
7:21 of 1st period - Wrist shot by Petr Sykora.
7:21 of 1st period - Stopped by Steve Mason with a rebound.
7:43 of 1st period - Wrist shot by Logan Couture.
7:43 of 1st period - Stopped by Steve Mason with a rebound.
7:45 of 1st period - Wrist shot by Cal Clutterbuck.
7:45 of 1st period - Shot Misses the Net.
7:47 of 1st period - Slapshot by Ilkka Heikkinen.
7:47 of 1st period - Deflect By Fredrik Sjostrom.
7:47 of 1st period - Shot Misses the Net.
7:47 of 1st period - Puck is out of play.
7:48 of 1st period - Evgeny Dadonov wins face-off versus Martin Hanzal in Carnivores zone.
8:15 of 1st period - Pernell Karl Subban is hit by David Van Der Gulik.
8:37 of 1st period - Fredrik Sjostrom is hit by Alexei Zhitnik and loses puck.
8:42 of 1st period - Wrist shot by Richard Park.
8:42 of 1st period - Goal by Richard Park - Carnivores : 1 - Manchots : 2.
8:43 of 1st period - Martin Hanzal wins face-off versus Richard Park in neutral zone.
8:59 of 1st period - Slapshot by Ryan Mcdonagh.
8:59 of 1st period - Deflect By Richard Park.
8:59 of 1st period - Stopped by Ondrej Pavelec with a rebound.
9:38 of 1st period - Wrist shot by Fredrik Sjostrom.
9:38 of 1st period - Shot Misses the Net.
9:53 of 1st period - Off-side.
9:54 of 1st period - Martin Hanzal wins face-off versus Jeff Tambellini in neutral zone.
10:01 of 1st period - Wrist shot by Petr Sykora.
10:01 of 1st period - Deflect By Jamie Benn.
10:01 of 1st period - Shot Misses the Net.
10:01 of 1st period - Puck is out of play.
10:02 of 1st period - Martin Hanzal wins face-off versus Richard Park in Carnivores zone.
10:11 of 1st period - Slapshot by Petr Sykora.
10:11 of 1st period - Stopped by Steve Mason with a rebound.
10:32 of 1st period - Icing by Josef Melichar.
10:33 of 1st period - Fredrik Sjostrom wins face-off versus Mikael Backlund in Carnivores zone.
10:48 of 1st period - Snap shot by Jeff Friesen.
10:48 of 1st period - Stopped by Ondrej Pavelec with a rebound.
10:58 of 1st period - Slapshot by Richard Park.
10:58 of 1st period - Shot Misses the Net.
11:00 of 1st period - Snap shot by Richard Park.
11:00 of 1st period - Stopped by Ondrej Pavelec with a rebound.
11:02 of 1st period - Snap shot by Richard Park.
11:02 of 1st period - Shot Blocked by Richard Petiot.
11:04 of 1st period - Snap shot by Blake Geoffrion.
11:04 of 1st period - Shot Blocked by Eric Gryba.
11:06 of 1st period - Slapshot by Ryan Mcdonagh.
11:06 of 1st period - Shot Blocked by Richard Petiot.
11:08 of 1st period - Slapshot by Richard Park.
11:08 of 1st period - Shot Misses the Net.
11:10 of 1st period - Wrist shot by Blake Geoffrion.
11:10 of 1st period - Shot Blocked by Eric Gryba.
11:17 of 1st period - Icing by Richard Petiot.
11:18 of 1st period - Cal O'Reilly wins face-off versus Martin Hanzal in Manchots zone.
11:47 of 1st period - Wrist shot by Jordan LaVallee.
11:47 of 1st period - Stopped by Steve Mason without a rebound.
11:48 of 1st period - Denis Arkhipov wins face-off versus Richard Park in Carnivores zone.
11:57 of 1st period - Snap shot by Jeff Tambellini.
11:57 of 1st period - Shot Misses the Net.
11:59 of 1st period - Wrist shot by Andy Miele.
11:59 of 1st period - Shot Blocked by Pernell Karl Subban.
11:59 of 1st period - Pernell Karl Subban from Manchots is injured at 11:59 of 1st period (Bruised Right Shoulder).
12:00 of 1st period - Martin Hanzal wins face-off versus Richard Park in Manchots zone.
12:09 of 1st period - Wrist shot by Martin Hanzal.
12:09 of 1st period - Stopped by Steve Mason with a rebound.
12:11 of 1st period - Slapshot by Petr Sykora.
12:11 of 1st period - Deflect By Martin Hanzal.
12:11 of 1st period - Goal by Martin Hanzal - Carnivores : 1 - Manchots : 3.
12:12 of 1st period - Richard Park wins face-off versus Martin Hanzal in neutral zone.
13:24 of 1st period - Snap shot by Cal Clutterbuck.
13:24 of 1st period - Shot Misses the Net.
13:26 of 1st period - Snap shot by Stanislav Neckar.
13:26 of 1st period - Stopped by Steve Mason without a rebound.
13:27 of 1st period - Mikael Backlund wins face-off versus Logan Couture in Carnivores zone.
13:38 of 1st period - Snap shot by Evgeny Dadonov.
13:38 of 1st period - Stopped by Ondrej Pavelec with a rebound.
14:36 of 1st period - Blake Geoffrion is hit by Spencer Machacek and loses puck.
15:08 of 1st period - Snap shot by Jeff Tambellini.
15:08 of 1st period - Shot Blocked by Petr Sykora.
15:19 of 1st period - Icing by Hal Gill.
15:20 of 1st period - Denis Arkhipov wins face-off versus Tim Conboy in Manchots zone.
15:20 of 1st period - Denis Arkhipov is hit by David Van Der Gulik.
15:26 of 1st period - Slapshot by Stanislav Neckar.
15:26 of 1st period - Stopped by Steve Mason with a rebound.
15:28 of 1st period - Wrist shot by Stanislav Neckar.
15:28 of 1st period - Stopped by Steve Mason without a rebound.
15:29 of 1st period - Richard Park wins face-off versus Petr Sykora in Carnivores zone.
15:59 of 1st period - Evgeny Dadonov is hit by Cal Clutterbuck.
16:43 of 1st period - Slapshot by Denis Arkhipov.
16:43 of 1st period - Stopped by Steve Mason with a rebound.
16:47 of 1st period - Wrist shot by Denis Arkhipov.
16:47 of 1st period - Shot Misses the Net.
17:04 of 1st period - Icing by Stanislav Neckar.
17:05 of 1st period - Richard Park wins face-off versus Martin Hanzal in Manchots zone.
17:05 of 1st period - Minor Penalty to Martin Hanzal for Slashing.
17:06 of 1st period - Denis Arkhipov wins face-off versus Richard Park in Manchots zone.
17:19 of 1st period - Jeff Tambellini is hit by Denis Arkhipov and loses puck.
17:33 of 1st period - Off-side.
17:34 of 1st period - Mikael Backlund wins face-off versus Tyler Kennedy in neutral zone.
17:47 of 1st period - Slapshot by Evgeny Dadonov.
17:47 of 1st period - Shot Misses the Net.
17:53 of 1st period - Blake Geoffrion is hit by Petr Sykora and loses puck.
18:31 of 1st period - Icing by Jeff Tambellini.
18:32 of 1st period - Blake Geoffrion wins face-off versus Tyler Kennedy in Carnivores zone.
18:37 of 1st period - Wrist shot by Evgeny Dadonov.
18:37 of 1st period - Stopped by Ondrej Pavelec without a rebound.
18:38 of 1st period - Mikael Backlund wins face-off versus Tyler Kennedy in Manchots zone.
19:05 of 1st period - Penalty to Martin Hanzal is over, Martin Hanzal is back on ice.
19:13 of 1st period - Snap shot by Cal Clutterbuck.
19:13 of 1st period - Shot Blocked by Blake Geoffrion.
19:15 of 1st period - Snap shot by Fredrik Sjostrom.
19:15 of 1st period - Shot Blocked by Alexei Zhitnik.
19:17 of 1st period - Slapshot by Stanislav Neckar.
19:17 of 1st period - Shot Blocked by Blake Geoffrion.
19:31 of 1st period - Richard Petiot is hit by Richard Park.
19:49 of 1st period - Snap shot by Cal O'Reilly.
19:49 of 1st period - Shot Misses the Net.
19:51 of 1st period - Snap shot by Cal O'Reilly.
19:51 of 1st period - Shot Misses the Net.

2nd period


0:01 of 2nd period - Martin Hanzal wins face-off versus Jeff Tambellini in neutral zone.
0:04 of 2nd period - Jeff Tambellini is hit by Petr Sykora and loses puck.
0:13 of 2nd period - Snap shot by Petr Sykora.
0:13 of 2nd period - Shot Blocked by Richard Park.
0:15 of 2nd period - Snap shot by Petr Sykora.
0:15 of 2nd period - Stopped by Steve Mason with a rebound.
1:13 of 2nd period - Wrist shot by Manny Malhotra.
1:13 of 2nd period - Stopped by Ondrej Pavelec without a rebound.
1:14 of 2nd period - Martin Hanzal wins face-off versus Mikael Backlund in Manchots zone.
1:16 of 2nd period - Minor Penalty to Mikael Backlund for Roughing.
1:17 of 2nd period - Martin Hanzal wins face-off versus Andy Miele in Carnivores zone.
1:18 of 2nd period - Wrist shot by Petr Sykora.
1:18 of 2nd period - Goal by Petr Sykora - Carnivores : 1 - Manchots : 4.
1:18 of 2nd period - Josh Tordjman enters game.
1:19 of 2nd period - Martin Hanzal wins face-off versus Andy Miele in neutral zone.
1:27 of 2nd period - Icing by Andy Miele.
1:28 of 2nd period - Martin Hanzal wins face-off versus Andy Miele in Carnivores zone.
1:41 of 2nd period - Wrist shot by Andy Miele.
1:41 of 2nd period - Stopped by Ondrej Pavelec without a rebound.
1:42 of 2nd period - Logan Couture wins face-off versus Richard Park in Manchots zone.
1:47 of 2nd period - Jeff Tambellini is hit by Fredrik Sjostrom and loses puck.
1:56 of 2nd period - Slapshot by Cal Clutterbuck.
1:56 of 2nd period - Stopped by Josh Tordjman with a rebound.
1:58 of 2nd period - Backhand shot by Hal Gill.
1:58 of 2nd period - Shot Blocked by Richard Park.
2:08 of 2nd period - Martin Hanzal is hit by Jeff Friesen and loses puck.
2:46 of 2nd period - Off-side.
2:47 of 2nd period - Logan Couture wins face-off versus Richard Park in neutral zone.
2:50 of 2nd period - Wrist shot by Cal Clutterbuck.
2:50 of 2nd period - Shot Misses the Net.
2:52 of 2nd period - Slapshot by Richard Petiot.
2:52 of 2nd period - Shot Blocked by Keith Aulie.
2:54 of 2nd period - Wrist shot by Logan Couture.
2:54 of 2nd period - Stopped by Josh Tordjman without a rebound.
2:54 of 2nd period - Minor Penalty to Keith Aulie for Roughing.
2:55 of 2nd period - Manny Malhotra wins face-off versus Martin Hanzal in Carnivores zone.
3:26 of 2nd period - Jeff Tambellini is hit by Logan Couture and loses puck.
4:16 of 2nd period - Jeff Tambellini is hit by Petr Sykora and loses puck.
4:54 of 2nd period - Penalty to Keith Aulie is over, Keith Aulie is back on ice.
5:01 of 2nd period - Snap shot by Tyler Kennedy.
5:01 of 2nd period - Stopped by Josh Tordjman without a rebound.
5:02 of 2nd period - Mikael Backlund wins face-off versus Tyler Kennedy in Carnivores zone.
5:02 of 2nd period - Mikael Backlund is hit by Spencer Machacek.
5:30 of 2nd period - Snap shot by Tyler Kennedy.
5:30 of 2nd period - Shot Misses the Net.
5:32 of 2nd period - Slapshot by Denis Arkhipov.
5:32 of 2nd period - Shot Misses the Net.
5:34 of 2nd period - Snap shot by Fredrik Sjostrom.
5:34 of 2nd period - Stopped by Josh Tordjman without a rebound.
5:35 of 2nd period - Fredrik Sjostrom wins face-off versus Manny Malhotra in Carnivores zone.
5:38 of 2nd period - Wrist shot by Jordan LaVallee.
5:38 of 2nd period - Deflect By Fredrik Sjostrom.
5:38 of 2nd period - Shot Misses the Net.
5:38 of 2nd period - Puck is out of play.
5:39 of 2nd period - Martin Hanzal wins face-off versus Manny Malhotra in Carnivores zone.
6:04 of 2nd period - Phil Oreskovic is hit by Logan Couture and loses puck.
6:26 of 2nd period - Wrist shot by Logan Couture.
6:26 of 2nd period - Stopped by Josh Tordjman with a rebound.
6:44 of 2nd period - Snap shot by Ilkka Heikkinen.
6:44 of 2nd period - Stopped by Josh Tordjman with a rebound.
6:46 of 2nd period - Snap shot by Denis Arkhipov.
6:46 of 2nd period - Stopped by Josh Tordjman with a rebound.
6:48 of 2nd period - Slapshot by Hal Gill.
6:48 of 2nd period - Stopped by Josh Tordjman with a rebound.
6:50 of 2nd period - Slapshot by Ilkka Heikkinen.
6:50 of 2nd period - Stopped by Josh Tordjman without a rebound.
6:51 of 2nd period - Martin Hanzal wins face-off versus Jeff Friesen in Carnivores zone.
6:58 of 2nd period - Wrist shot by Martin Hanzal.
6:58 of 2nd period - Shot Misses the Net.
7:06 of 2nd period - Petr Sykora is hit by Mikael Backlund and loses puck.
7:28 of 2nd period - Richard Park is hit by Hal Gill and loses puck.
7:41 of 2nd period - Wrist shot by Tyler Kennedy.
7:41 of 2nd period - Shot Blocked by Alexei Zhitnik.
7:43 of 2nd period - Wrist shot by Tyler Kennedy.
7:43 of 2nd period - Stopped by Josh Tordjman without a rebound.
7:44 of 2nd period - Martin Hanzal wins face-off versus Cal O'Reilly in Carnivores zone.
7:45 of 2nd period - Snap shot by Petr Sykora.
7:45 of 2nd period - Stopped by Josh Tordjman with a rebound.
8:01 of 2nd period - Keith Aulie is hit by Jamie Benn and loses puck.
8:12 of 2nd period - Snap shot by Cal O'Reilly.
8:12 of 2nd period - Deflect By David Van Der Gulik.
8:12 of 2nd period - Shot Blocked by Fredrik Sjostrom.
8:12 of 2nd period - Puck is out of play.
8:13 of 2nd period - Richard Park wins face-off versus Logan Couture in Manchots zone.
8:14 of 2nd period - Wrist shot by Jeff Tambellini.
8:14 of 2nd period - Shot Misses the Net.
8:16 of 2nd period - Snap shot by Phil Oreskovic.
8:16 of 2nd period - Deflect By Jeff Tambellini.
8:16 of 2nd period - Shot Misses the Net.
8:16 of 2nd period - Puck is out of play.
8:17 of 2nd period - Martin Hanzal wins face-off versus Richard Park in Manchots zone.
8:47 of 2nd period - Snap shot by Tyler Kennedy.
8:47 of 2nd period - Stopped by Josh Tordjman with a rebound.
8:55 of 2nd period - Slapshot by Ryan Mcdonagh.
8:55 of 2nd period - Shot Misses the Net.
8:57 of 2nd period - Wrist shot by Jeff Tambellini.
8:57 of 2nd period - Shot Blocked by Tyler Kennedy.
8:59 of 2nd period - Wrist shot by Andy Miele.
8:59 of 2nd period - Shot Blocked by Eric Gryba.
9:37 of 2nd period - Snap shot by David Van Der Gulik.
9:37 of 2nd period - Shot Misses the Net.
9:59 of 2nd period - Snap shot by Jordan LaVallee.
9:59 of 2nd period - Stopped by Josh Tordjman without a rebound.
9:59 of 2nd period - Minor Penalty to Josh Tordjman for Slashing.
10:00 of 2nd period - Manny Malhotra wins face-off versus Martin Hanzal in Carnivores zone.
10:05 of 2nd period - Slapshot by Ryan Mcdonagh.
10:05 of 2nd period - Shot Blocked by Hal Gill.
10:07 of 2nd period - Snap shot by Jeff Tambellini.
10:07 of 2nd period - Shot Blocked by Petr Sykora.
11:59 of 2nd period - Penalty to Evgeny Dadonov is over, Evgeny Dadonov is back on ice.
12:23 of 2nd period - Keith Aulie is hit by Tyler Kennedy and loses puck.
12:36 of 2nd period - Wrist shot by Cal O'Reilly.
12:36 of 2nd period - Stopped by Ondrej Pavelec without a rebound.
12:37 of 2nd period - Tim Conboy wins face-off versus Denis Arkhipov in Manchots zone.
12:56 of 2nd period - Fredrik Sjostrom is hit by Evgeny Dadonov and loses puck.
13:03 of 2nd period - Alexei Zhitnik is hit by Logan Couture and loses puck.
13:15 of 2nd period - Minor Penalty to Tyler Kennedy for Interference.
13:16 of 2nd period - Denis Arkhipov wins face-off versus Richard Park in Manchots zone.
13:27 of 2nd period - Slapshot by Richard Park.
13:27 of 2nd period - Goal by Richard Park - Carnivores : 2 - Manchots : 4.
13:28 of 2nd period - Martin Hanzal wins face-off versus Richard Park in neutral zone.
13:38 of 2nd period - Icing by Jeff Tambellini.
13:39 of 2nd period - Martin Hanzal wins face-off versus Richard Park in Carnivores zone.
13:48 of 2nd period - Snap shot by Martin Hanzal.
13:48 of 2nd period - Shot Blocked by Keith Aulie.
14:28 of 2nd period - Snap shot by Richard Park.
14:28 of 2nd period - Stopped by Ondrej Pavelec with a rebound.
14:30 of 2nd period - Snap shot by Jeff Tambellini.
14:30 of 2nd period - Shot Blocked by Eric Tangradi.
14:32 of 2nd period - Wrist shot by Jeff Tambellini.
14:32 of 2nd period - Deflect By Andy Miele.
14:32 of 2nd period - Shot Misses the Net.
14:32 of 2nd period - Puck is out of play.
14:33 of 2nd period - Martin Hanzal wins face-off versus Mikael Backlund in Manchots zone.
14:38 of 2nd period - Jordie Benn is hit by Jamie Benn.
14:44 of 2nd period - Wrist shot by Mikael Backlund.
14:44 of 2nd period - Shot Blocked by Jamie Benn.
14:46 of 2nd period - Snap shot by Evgeny Dadonov.
14:46 of 2nd period - Shot Blocked by Hal Gill.
14:47 of 2nd period - Minor Penalty to Martin Hanzal for Cross-checking.
14:47 of 2nd period - Minor Penalty to Evgeny Dadonov for Hooking.
14:48 of 2nd period - Jeff Tambellini wins face-off versus Fredrik Sjostrom in Manchots zone.
15:15 of 2nd period - Denis Arkhipov is hit by Ryan Mcdonagh and loses puck.
16:47 of 2nd period - Penalty to Martin Hanzal is over, Martin Hanzal is back on ice.
16:47 of 2nd period - Penalty to Evgeny Dadonov is over, Evgeny Dadonov is back on ice.
16:52 of 2nd period - Keith Aulie is hit by Jamie Benn and loses puck.
17:21 of 2nd period - Martin Hanzal is hit by Richard Park and loses puck.
19:07 of 2nd period - Jeff Friesen is hit by Denis Arkhipov and loses puck.
19:22 of 2nd period - Blake Geoffrion is hit by Richard Petiot and loses puck.

3rd period


0:01 of 3rd period - Richard Park wins face-off versus Martin Hanzal in neutral zone.
0:35 of 3rd period - Wrist shot by Ryan Mcdonagh.
0:35 of 3rd period - Stopped by Ondrej Pavelec with a rebound.
0:37 of 3rd period - Wrist shot by Ryan Mcdonagh.
0:37 of 3rd period - Stopped by Ondrej Pavelec without a rebound.
0:38 of 3rd period - Martin Hanzal wins face-off versus Richard Park in Manchots zone.
0:43 of 3rd period - Slapshot by Stanislav Neckar.
0:43 of 3rd period - Shot Blocked by Andy Miele.
1:36 of 3rd period - Snap shot by Cal O'Reilly.
1:36 of 3rd period - Shot Misses the Net.
1:54 of 3rd period - Wrist shot by Spencer Machacek.
1:54 of 3rd period - Stopped by Josh Tordjman with a rebound.
1:56 of 3rd period - Snap shot by Tyler Kennedy.
1:56 of 3rd period - Stopped by Josh Tordjman without a rebound.
1:57 of 3rd period - Martin Hanzal wins face-off versus Mikael Backlund in Carnivores zone.
2:02 of 3rd period - Slapshot by Martin Hanzal.
2:02 of 3rd period - Shot Misses the Net.
2:30 of 3rd period - Snap shot by Jeff Tambellini.
2:30 of 3rd period - Shot Blocked by Stanislav Neckar.
2:32 of 3rd period - Snap shot by Jeff Tambellini.
2:32 of 3rd period - Deflect By Andy Miele.
2:32 of 3rd period - Stopped by Ondrej Pavelec with a rebound.
3:48 of 3rd period - Snap shot by Logan Couture.
3:48 of 3rd period - Stopped by Josh Tordjman without a rebound.
3:49 of 3rd period - Martin Hanzal wins face-off versus Mikael Backlund in Carnivores zone.
3:50 of 3rd period - Slapshot by Petr Sykora.
3:50 of 3rd period - Stopped by Josh Tordjman with a rebound.
4:01 of 3rd period - Minor Penalty to Richard Petiot for Slashing.
4:02 of 3rd period - Denis Arkhipov wins face-off versus Richard Park in Manchots zone.
4:22 of 3rd period - Minor Penalty to Keith Aulie for Holding.
4:23 of 3rd period - Martin Hanzal wins face-off versus Mikael Backlund in Carnivores zone.
4:49 of 3rd period - Hal Gill is hit by Jeff Tambellini and loses puck.
4:54 of 3rd period - Snap shot by Jeff Tambellini.
4:54 of 3rd period - Stopped by Ondrej Pavelec with a rebound.
4:56 of 3rd period - Wrist shot by Ryan Mcdonagh.
4:56 of 3rd period - Stopped by Ondrej Pavelec without a rebound.
4:57 of 3rd period - Martin Hanzal wins face-off versus Mikael Backlund in Manchots zone.
5:12 of 3rd period - Snap shot by Fredrik Sjostrom.
5:12 of 3rd period - Stopped by Josh Tordjman with a rebound.
5:56 of 3rd period - Ryan Mcdonagh is hit by Jamie Benn and loses puck.
6:01 of 3rd period - Penalty to Richard Petiot is over, Richard Petiot is back on ice.
6:22 of 3rd period - Penalty to Keith Aulie is over, Keith Aulie is back on ice.
6:31 of 3rd period - Snap shot by Denis Arkhipov.
6:31 of 3rd period - Shot Misses the Net.
6:41 of 3rd period - Slapshot by Evgeny Dadonov.
6:41 of 3rd period - Stopped by Ondrej Pavelec without a rebound.
6:42 of 3rd period - Manny Malhotra wins face-off versus Cal Clutterbuck in Manchots zone.
6:49 of 3rd period - Snap shot by Stanislav Neckar.
6:49 of 3rd period - Deflect By Logan Couture.
6:49 of 3rd period - Shot Misses the Net.
6:49 of 3rd period - Puck is out of play.
6:50 of 3rd period - Manny Malhotra wins face-off versus Logan Couture in Carnivores zone.
6:50 of 3rd period - Manny Malhotra is hit by Cal Clutterbuck.
7:00 of 3rd period - Slapshot by Alexei Zhitnik.
7:00 of 3rd period - Stopped by Ondrej Pavelec without a rebound.
7:01 of 3rd period - Logan Couture wins face-off versus Manny Malhotra in Manchots zone.
7:05 of 3rd period - Minor Penalty to Alexei Zhitnik for High sticking.
7:06 of 3rd period - Manny Malhotra wins face-off versus Martin Hanzal in Carnivores zone.
7:15 of 3rd period - Wrist shot by Hal Gill.
7:15 of 3rd period - Stopped by Josh Tordjman without a rebound.
7:16 of 3rd period - Martin Hanzal wins face-off versus Andy Miele in Carnivores zone.
7:55 of 3rd period - Wrist shot by Andy Miele.
7:55 of 3rd period - Stopped by Ondrej Pavelec with a rebound.
8:03 of 3rd period - Slapshot by Hal Gill.
8:03 of 3rd period - Shot Blocked by Phil Oreskovic.
8:05 of 3rd period - Wrist shot by Jamie Benn.
8:05 of 3rd period - Goal by Jamie Benn - Carnivores : 2 - Manchots : 5.
8:06 of 3rd period - Richard Park wins face-off versus Logan Couture in neutral zone.
8:09 of 3rd period - Slapshot by Andy Miele.
8:09 of 3rd period - Stopped by Ondrej Pavelec with a rebound.
8:11 of 3rd period - Snap shot by Richard Park.
8:11 of 3rd period - Stopped by Ondrej Pavelec with a rebound.
8:13 of 3rd period - Slapshot by Jeff Tambellini.
8:13 of 3rd period - Stopped by Ondrej Pavelec with a rebound.
8:15 of 3rd period - Backhand shot by Richard Park.
8:15 of 3rd period - Shot Misses the Net.
8:17 of 3rd period - Snap shot by Andy Miele.
8:17 of 3rd period - Deflect By Jeff Tambellini.
8:17 of 3rd period - Shot Misses the Net.
8:17 of 3rd period - Puck is out of play.
8:18 of 3rd period - Logan Couture wins face-off versus Richard Park in Manchots zone.
8:28 of 3rd period - Minor Penalty to Jeff Tambellini for Holding.
8:29 of 3rd period - Manny Malhotra wins face-off versus Martin Hanzal in Carnivores zone.
8:59 of 3rd period - Jeff Friesen is hit by Fredrik Sjostrom and loses puck.
10:28 of 3rd period - Penalty to Jeff Tambellini is over, Jeff Tambellini is back on ice.
11:37 of 3rd period - Jeff Tambellini is hit by Eric Tangradi and loses puck.
12:07 of 3rd period - Slapshot by David Van Der Gulik.
12:07 of 3rd period - Stopped by Ondrej Pavelec without a rebound.
12:08 of 3rd period - Cal O'Reilly wins face-off versus Martin Hanzal in Manchots zone.
12:09 of 3rd period - Snap shot by David Van Der Gulik.
12:09 of 3rd period - Shot Misses the Net.
12:28 of 3rd period - Hal Gill is hit by Alexei Zhitnik and loses puck.
12:35 of 3rd period - Snap shot by Cal O'Reilly.
12:35 of 3rd period - Shot Misses the Net.
12:37 of 3rd period - Slapshot by Phil Oreskovic.
12:37 of 3rd period - Stopped by Ondrej Pavelec without a rebound.
12:38 of 3rd period - Richard Park wins face-off versus Tyler Kennedy in Manchots zone.
12:41 of 3rd period - Slapshot by Jeff Tambellini.
12:41 of 3rd period - Deflect By Richard Park.
12:41 of 3rd period - Stopped by Ondrej Pavelec with a rebound.
12:43 of 3rd period - Snap shot by Jeff Tambellini.
12:43 of 3rd period - Stopped by Ondrej Pavelec with a rebound.
12:45 of 3rd period - Snap shot by Andy Miele.
12:45 of 3rd period - Shot Misses the Net.
12:47 of 3rd period - Snap shot by Richard Park.
12:47 of 3rd period - Stopped by Ondrej Pavelec with a rebound.
12:49 of 3rd period - Slapshot by Phil Oreskovic.
12:49 of 3rd period - Shot Blocked by Richard Petiot.
13:03 of 3rd period - Mikael Backlund is hit by Jordan LaVallee.
13:22 of 3rd period - Backhand shot by David Van Der Gulik.
13:22 of 3rd period - Stopped by Ondrej Pavelec without a rebound.
13:23 of 3rd period - Cal O'Reilly wins face-off versus Martin Hanzal in Manchots zone.
13:57 of 3rd period - Snap shot by Petr Sykora.
13:57 of 3rd period - Shot Blocked by Evgeny Dadonov.
14:19 of 3rd period - Slapshot by Alexei Zhitnik.
14:19 of 3rd period - Deflect By Richard Park.
14:19 of 3rd period - Stopped by Ondrej Pavelec with a rebound.
14:33 of 3rd period - Slapshot by Andy Miele.
14:33 of 3rd period - Stopped by Ondrej Pavelec with a rebound.
14:36 of 3rd period - Icing by Martin Hanzal.
14:37 of 3rd period - Richard Park wins face-off versus Martin Hanzal in Manchots zone.
14:38 of 3rd period - Slapshot by Jeff Tambellini.
14:38 of 3rd period - Shot Misses the Net.
15:06 of 3rd period - Off-side.
15:07 of 3rd period - Evgeny Dadonov wins face-off versus Logan Couture in neutral zone.
15:31 of 3rd period - Off-side.
15:32 of 3rd period - Richard Park wins face-off versus Jordan LaVallee in neutral zone.
16:00 of 3rd period - Icing by Fredrik Sjostrom.
16:01 of 3rd period - Fredrik Sjostrom wins face-off versus Mikael Backlund in Manchots zone.
16:06 of 3rd period - Backhand shot by Jeff Friesen.
16:06 of 3rd period - Shot Misses the Net.
16:28 of 3rd period - Snap shot by Tyler Kennedy.
16:28 of 3rd period - Shot Blocked by Mikael Backlund.
16:30 of 3rd period - Snap shot by Hal Gill.
16:30 of 3rd period - Shot Blocked by Keith Aulie.
16:32 of 3rd period - Snap shot by Tyler Kennedy.
16:32 of 3rd period - Shot Misses the Net.
16:34 of 3rd period - Slapshot by Hal Gill.
16:34 of 3rd period - Deflect By Jeff Friesen.
16:34 of 3rd period - Stopped by Josh Tordjman without a rebound.
16:35 of 3rd period - Richard Park wins face-off versus Martin Hanzal in Carnivores zone.
16:35 of 3rd period - Richard Park is hit by Richard Petiot.
16:43 of 3rd period - Wrist shot by Jeff Tambellini.
16:43 of 3rd period - Shot Blocked by Richard Petiot.
16:49 of 3rd period - Slapshot by Richard Petiot.
16:49 of 3rd period - Shot Blocked by Jordie Benn.
17:11 of 3rd period - Richard Petiot is hit by Tim Conboy and loses puck.
17:33 of 3rd period - Wrist shot by Mikael Backlund.
17:33 of 3rd period - Stopped by Ondrej Pavelec without a rebound.
17:34 of 3rd period - Richard Park wins face-off versus Martin Hanzal in Manchots zone.
17:37 of 3rd period - Snap shot by Jeff Tambellini.
17:37 of 3rd period - Stopped by Ondrej Pavelec with a rebound.
18:13 of 3rd period - Slapshot by Jeff Friesen.
18:13 of 3rd period - Stopped by Ondrej Pavelec with a rebound.
18:23 of 3rd period - Logan Couture is hit by Manny Malhotra and loses puck.
18:44 of 3rd period - Slapshot by Hal Gill.
18:44 of 3rd period - Shot Misses the Net.
18:50 of 3rd period - Hal Gill is hit by Josef Melichar and loses puck.


Output by the SimonT Hockey Simulator (STHS) for François Prévost -- Original Page W3C XHTML 1.0 Valid
Hockey Simulator - Hockey Simulation - Hockey Manager